 Dungeon Crawl Stone Soup version 0.25.0-11-g1f837a76a1 (webtiles) character file.

Game seed: 4855982637297158774

191 xccam the Chopper (level 5, -7/31 HPs)
             Began as a Tengu Warper on June 26, 2020.
             Was a Believer of Qazlal.
             Mangled by Menkaure (24 damage)
             ... on level 4 of the Dungeon.
             The game lasted 00:06:03 (5443 turns).

xccam the Chopper (Tengu Warper)                    Turns: 5443, Time: 00:06:04

Health: -7/31      AC:  3    Str: 12    XL:     5   Next: 70%
Magic:  9/9        EV: 14    Int: 14    God:    Qazlal [**....]
Gold:   160        SH:  2    Dex: 13    Spells: 8/8 levels left

rFire    + . .     SeeInvis .   a - +0 hand axe
rCold    + . .     Gourm    .   (no shield)
rNeg     . . .     Faith    .   b - +0 leather armour
rPois    .         Spirit   .   (helmet restricted)
rElec    .         Reflect  .   s - scarf {rC+ rF+}
rCorr    .         Harm     .   (no gloves)
MR       .....                  (boots unavailable)
Stlth    +.........             k - amulet of the acrobat
HPRegen  0.10/turn              (no ring)
MPRegen  0.11/turn              (no ring)

@: flying quickly and evasively, quick
A: beak, talons 3, able to fly
a: Stop Flying, Upheaval, Renounce Religion


You were on level 4 of the Dungeon.
You worshipped Qazlal.
Qazlal was pleased with you.
You were not hungry.

You visited 1 branch of the dungeon, and saw 4 of its levels.

You collected 160 gold pieces.

Inventory:

Hand Weapons
 a - a +0 hand axe (weapon)
Missiles
 e - 2 boomerangs of dispersal (quivered)
Armour
 b - a +0 leather armour (worn)
 s - a scarf of resistance (worn)
Jewellery
 k - an amulet of the acrobat (around neck)
Scrolls
 g - 3 scrolls of remove curse {unknown}
 h - 4 scrolls of teleportation {unknown}
 l - 4 scrolls of identify {unknown}
 m - 2 scrolls of noise {unknown}
 n - a scroll of amnesia {unknown}
 q - 4 scrolls of fog {unknown}
 r - 2 scrolls of enchant weapon {unknown}
Potions
 j - a potion of brilliance {unknown}
 o - a potion of heal wounds {unknown}
 t - a potion of degeneration {unknown}
 u - a potion of lignification {unknown}
 v - 2 potions of curing
Comestibles
 f - 5 rations


   Skills:
 + Level 2.6 Fighting
 - Level 6.0 Axes
 - Level 1.0 Throwing
 - Level 1.1 Armour
 - Level 2.1 Dodging
 - Level 2.0 Spellcasting
   Level 2.4 Translocations


You had 8 spell levels left.
You didn't know any spells.
Your spell library contained the following spells:

 Spells                   Type           Power        Failure   Level  Hunger
 Blink                    Tloc           N/A          17%         2    ###....
 Shroud of Golubria       Chrm/Tloc      #.....       28%         2    ###....
 Gell's Gravitas          Tloc           #.........   34%         3    ####...
 Lesser Beckoning         Tloc           #.........   34%         3    ####...
 Teleport Other           Tloc           #.......     34%         3    ####...
 Passage of Golubria      Tloc           N/A          75%         4    #####..


Dungeon Overview and Level Annotations

Branches:
Dungeon (4/15)
 Temple: D:4-7

Altars:
Qazlal
Trog

Annotations:
D:4 Ijyb, Menkaure


Innate Abilities, Weirdness & Mutations

You have a beak for a mouth.
You have claws for feet.
You can fly continuously.


Message History

You closely miss Ijyb. You claw Ijyb.
Ijyb is severely wounded.
You hit Menkaure. Menkaure closely misses you.
Ijyb hits you but does no damage.
Unknown command.
You barely miss Ijyb. You peck Ijyb.
Ijyb is severely wounded.
You hit Menkaure but do no damage.
Menkaure blazes with dark energy!
Menkaure barely misses you. Ijyb closely misses you.
Unknown command.
You hit Ijyb but do no damage. Your kick misses Ijyb.
Ijyb is severely wounded.
You closely miss Menkaure. Menkaure misses you. Ijyb closely misses you.
Unknown command.
You hit Ijyb but do no damage. You claw Ijyb. Your peck misses Ijyb.
Ijyb is almost dead.
You hit Menkaure but do no damage. Menkaure hits you!!
Ouch! That really hurt!
You die...

.. #...# ...
...# .... ....
(...##..#
.(....$.###+###
8.(............
#.....))○......
#...g@.......
#...M........
#............
#............
#............
#............
#)...........
#............


You could see Ijyb and Menkaure (fast).

Vanquished Creatures
  7 gnolls
  3 adders
  A shadow imp (D:3)
  A worm (D:2)
  2 dart slugs (D:1)
  2 leopard geckos (D:2)
  4 orcs (D:3)
  4 bats
  2 giant cockroaches (D:2)
  7 hobgoblins
  4 jackals (D:1)
  A quokka (D:3)
  4 frilled lizards
  17 goblins
  6 kobolds
  12 rats
77 creatures vanquished.

Notes
Turn   | Place    | Note
-------+----------+-------------------------------------------
     0 | D:1      | xccam the Tengu Warper began the quest for the Orb.
     0 | D:1      | Reached XP level 1. HP: 12/12 MP: 4/4
   275 | D:1      | Reached XP level 2. HP: 17/17 MP: 6/6
   277 | D:1      | Reached skill level 3 in Axes
   747 | D:1      | Reached XP level 3. HP: 20/21 MP: 7/7
  1406 | D:2      | Reached skill level 4 in Axes
  1713 | D:2      | Found a faded altar of an unknown god.
  1770 | D:2      | Became a worshipper of Qazlal Stormbringer
  1770 | D:2      | Reached * piety under Qazlal
  2044 | D:2      | Reached XP level 4. HP: 15/26 MP: 8/8
  2265 | D:1      | Reached skill level 5 in Axes
  3460 | D:2      | Gained mutation: You can fly continuously. [Tengu growth]
  3460 | D:2      | Reached XP level 5. HP: 20/30 MP: 9/9
  3582 | D:2      | Found a bloodstained altar of Trog.
  4035 | D:3      | Reached ** piety under Qazlal
  4533 | D:3      | Reached skill level 6 in Axes
  5156 | D:4      | Noticed Menkaure
  5166 | D:4      | Noticed Ijyb
  5443 | D:4      | Mangled by Menkaure

Illustrated notes

Levels and vault maps discovered:
D:1:      dpeg_arrival_three_same_balls, layout_loops_corners
D:2:      layout_loops_corners, lemuel_coloured_pillars_altar,
          chequers_ecumenical_altar_grove
D:3:      kennysheep_big_flooded_room, layout_basic, lemuel_another_geyser
D:4:      kennysheep_the_goblin_king, layout_basic, lemuel_doored_altar,
          uniq_menkaure, uniq_grinder, uniq_robin

Skill      XL: |  1  2  3  4  5 |
---------------+----------------+-----
Axes           | 3 4 5 6 |  6.0
Fighting       | |  2.6
Throwing       | |  1.0
Armour         | |  1.1
Dodging        | |  2.1
Spellcasting   | |  2.0
Translocations | |  2.4

Action                   |  1- 3 |  4- 6 || total
-------------------------+-------+-------++-------
Melee: Hand axe          |    86 |   121 ||   207
       Kick              |    17 |    26 ||    43
       Peck              |    13 |    22 ||    35
Throw: Dart              |       |    13 ||    13
       Boomerang         |       |     3 ||     3
Invok: Upheaval          |       |     1 ||     1
 Abil: Fly               |       |     1 ||     1
  Use: Potion            |       |     3 ||     3
       Scroll            |       |     1 ||     1
  Eat: Chunk             |     3 |    10 ||    13
       Ration            |       |     1 ||     1
Armor: Leather armour    |    35 |    19 ||    54
Dodge: Dodged            |    71 |    82 ||   153
Block: Other             |     2 |     6 ||     8
